 Dungeon Crawl Stone Soup version 0.31-a0-4-gefa6de2278 (webtiles) character file.

Game seed: 10305238305983335762

474 Adrian566 the Chopper (level 7, 0/61 HPs)
             Began as a Hill Orc Fighter on May 4, 2023.
             Slain by an orc warrior
             ... wielding a +0 scimitar
              (7 damage)
             ... on level 4 of the Dungeon.
             The game lasted 00:02:35 (2888 turns).

Adrian566 the Chopper (Hill Orc Fighter)            Turns: 2888, Time: 00:02:35

Health: 0/61       AC:  9    Str: 21    XL:     7   Next: 10%
Magic:  7/7        EV:  9    Int:  8    God:
Gold:   101        SH:  4    Dex: 10    Spells: 6/6 levels left

rFire   . . .        a - +1 war axe
rCold   . . .        c - +0 buckler
rNeg    . . .        b - +0 scale mail
rPois   .            e - +0 helmet
rElec   .            t - +0 cloak
rCorr   .            (no gloves)
SInv    .            (no boots)
Will    .....        (no amulet) Stlth
                     (no ring)
HPRegen 0.30/turn    (no ring)
MPRegen 0.10/turn

%: no passive effects
@: no status effects
A: no striking features
a: no special abilities


You were on level 4 of the Dungeon.
You visited 1 branch of the dungeon, and saw 4 of its levels.

You collected 101 gold pieces.

Inventory:

Hand Weapons
 a - a +1 war axe (weapon)
Armour
 b - a +0 scale mail (worn)
 c - a +0 buckler (worn)
 e - a +0 helmet (worn)
 t - a +0 cloak (worn)
Jewellery
 p - a ring of magical power
Wands
 d - a wand of mindburst (4)
 m - a wand of roots (1)
Scrolls
 g - a scroll of enchant weapon
Potions
 h - a potion of degeneration
 i - a potion of brilliance
 n - a potion of mutation


   Skills:
 + Level 5.1 Fighting
 * Level 7.6 Axes
 + Level 4.4 Armour
 + Level 0.4 Dodging
 + Level 0.2 Stealth
 + Level 3.8 Shields


You had 6 spell levels left.
You didn't know any spells.
Your spell library contained the following spells:

 Spells                   Type           Power      Damage    Failure   Level
 Dazzling Flash           Conj/Hex       0%         N/A       99%         3
 Volatile Blastmotes      Fire/Tloc      0%         2d10      99%         3
 Iskenderun's Mystic Bla  Conj/Tloc      0%         2d3       100%        4
 Starburst                Conj/Fire      0%         6d3       100%        6


Dungeon Overview and Level Annotations

Branches:
Dungeon (4/15)
 Temple: D:4-7

Altars:
Elyvilon
Okawaru
Trog
Wu Jian
Zin
The Shining One


Message History

You're too confused to move!
You feel less confused. Something hits you but does no damage.
You slash something! Something hits you but does no damage.
You hear some strange, mumbled words.
Something tries to affect you, but you resist.
An orc warrior comes into view. It is wielding a +0 scimitar.
You closely miss something.
You hear some strange, mumbled words.
A puff of flame appears from out of thin air!
The puff of flame hits you.
You miss something. Something hits you but does no damage.
You slash something!
Reactivating autopickup.
You feel a bit more experienced.
You feel your dexterity returning.
You hit the hobgoblin but do no damage.
An orc comes into view. It is wielding a +0 hand axe.
The hobgoblin hits you.
You closely miss the hobgoblin.
The orc shouts!
The hobgoblin hits you but does no damage.
You slash the hobgoblin!
You kill the hobgoblin!
Okay, then.
You barely miss the orc warrior.
The orc warrior hits you with a +0 scimitar!
You hit the orc warrior but do no damage.
The orc warrior hits you with a +0 scimitar!
You closely miss the orc warrior.
The orc warrior hits you with a +0 scimitar!
* * * LOW HITPOINT WARNING * * *
You hit the orc warrior.
The orc warrior is lightly wounded.
The orc warrior hits you with a +0 scimitar!
* * * LOW HITPOINT WARNING * * *
Okay, then.
The orc warrior attacks as you move away!
The orc warrior hits you with a +0 scimitar!
You die...

......# #########
...#### ####........
##.# #.#.#######. #.#
#.## ##.# # #####.#
.#.###..## ##..)†.#
.........#'#...)..#
##.###<.##..o####.#####
#.# #..o.oo@.....# #.#
#.#.####.###.#
##.###..# #.# ........#
#.# ........# #.#
#...###.# ...
.......... ... ########
..# # #..#


You could see an orc warrior and 3 orcs.

Vanquished Creatures
  The ghost of superbruh the Slasher, an amateur DsMo of Ignis (D:3)
  A scorpion (D:4)
  A howler monkey (D:4)
  Natasha (thrice) (D:3)
  Ijyb (D:3)
  An orc wizard (D:4)
  3 adders
  An ufetubus (D:4)
  2 dart slugs (D:1)
  7 orcs
  3 ball pythons
  9 endoplasms
  6 giant cockroaches
  7 goblins
  10 hobgoblins
  7 kobolds
  3 quokkas
  6 bats
  A frilled lizard (D:1)
  4 rats
77 creatures vanquished.

Notes
Turn   | Place    | Note
-------+----------+-------------------------------------------
     0 | D:1      | Adrian566 the Hill Orc Fighter began the quest for the Orb.
     0 | D:1      | Reached XP level 1. HP: 19/19 MP: 1/1
    63 | D:1      | Reached skill level 3 in Axes
    63 | D:1      | Reached XP level 2. HP: 27/27 MP: 2/2
   197 | D:1      | Reached XP level 3. HP: 31/33 MP: 3/3
  1019 | D:2      | Found an ornate altar of the Wu Jian Council.
  1079 | D:2      | Reached skill level 4 in Axes
  1131 | D:2      | Reached XP level 4. HP: 40/40 MP: 4/4
  1519 | D:3      | Noticed Natasha
  1523 | D:3      | Killed Natasha
  1529 | D:3      | Noticed Natasha
  1534 | D:3      | Killed Natasha
  1537 | D:3      | Noticed Natasha
  1544 | D:3      | Killed Natasha
  1545 | D:3      | Reached skill level 5 in Axes
  1545 | D:3      | Reached XP level 5. HP: 33/47 MP: 5/5
  1658 | D:3      | Found a glowing silver altar of Zin.
  1660 | D:3      | Found a white marble altar of Elyvilon.
  1663 | D:3      | Found a glowing golden altar of the Shining One.
  1694 | D:3      | Noticed Ijyb
  1708 | D:3      | Killed Ijyb
  2050 | D:3      | Noticed superbruh's ghost (amateur DsMo)
  2056 | D:3      | Found a runed translucent door.
  2138 | D:3      | Found a bloodstained altar of Trog.
  2210 | D:3      | Reached skill level 6 in Axes
  2300 | D:3      | Found an iron altar of Okawaru.
  2632 | D:3      | Killed superbruh's ghost
  2633 | D:3      | Reached skill level 5 in Fighting
  2633 | D:3      | Reached XP level 6. HP: 24/56 MP: 6/6
  2770 | D:4      | Reached skill level 7 in Axes
  2851 | D:4      | Reached XP level 7. HP: 61/61 MP: 7/7
  2888 | D:4      | Slain by an orc warrior

Illustrated notes

Levels and vault maps discovered:
D:1:      wander_arrival_peaceful_grave, layout_basic
D:2:      layout_basic, basic_altar, chequers_serial_rivers_small_b
D:3:      layout_rooms, good_gods_temple_1, mainiacjoe_overflow_alcove_1,
          mainiacjoe_overflow_boulevard, hellmonk_ghost_happy_afterlife,
          uniq_natasha, uniq_ijyb
D:4:      layout_loops_ring, pf_guarded_unrand_delatra, uniq_eustachio

Skill      XL: |  1  2  3  4  5  6 |
---------------+-------------------+-----
Axes           | 3 4 5 6 7 |  7.6
Fighting       | 4 5 |  5.1
Armour         | 4 |  4.4
Dodging        | |  0.4
Stealth        | |  0.2
Shields        | |  3.8

Action                     |  1- 3 |  4- 6 |  7- 9 || total
---------------------------+-------+-------+-------++-------
  Melee: War axe           |   124 |   111 |    22 ||   257
    Use: Potion            |       |     8 |       ||     8
         Scroll            |       |     8 |       ||     8
 Armour: Scale mail        |    58 |    70 |    15 ||   143
         Skin              |       |     4 |       ||     4
  Dodge: Dodged            |    62 |    48 |     3 ||   113
  Block: Buckler           |    34 |    29 |     3 ||    66

Table legend: (Time is in decaauts)
 A = Elapsed time spent in this place.
 B = Non-inter-level travel time spent in this place.
 C = Inter-level travel time spent in this place.
 D = Time resting spent in this place.
 E = Time spent auto-exploring this place.
 F = Levels seen in this place.
 G = Mean time per level.
                   A        B        C        D        E       F      G
               +--------+--------+--------+--------+--------+-----+--------+
         Total |   2965 |   2876 |     89 |    450 |   1795 |   4 |  741.2 |
       Dungeon |   2965 |   2876 |     89 |    450 |   1795 |   4 |  741.2 |
               +--------+--------+--------+--------+--------+-----+--------+

Top non-repeatable levels by time:
     D:3: 1263 daAuts
     D:2: 784 daAuts
     D:1: 782 daAuts
     D:4: 134 daAuts
